[Event "V Copa Marcel Duchamp 2022"]
[Site "Montevideo"]
[Date "2022.02.13"]
[Round "3.31"]
[White "Montiel Caceres, Helen"]
[Black "Escofet, Jaime"]
[Result "0-1"]
[ECO "A57"]
[WhiteElo "1625"]
[BlackElo "1981"]
[Annotator "NA"]
[PlyCount "78"]
[EventDate "2022.02.12"]
[EventCountry "URU"]
[SourceTitle "playchess.com"]
[Source "ChessBase"]
[SourceQuality "1"]
[TimeControl "5400+30"]

1. d4 Nf6 2. c4 c5 3. d5 b5 4. Qc2 d6 5. e4 b4 6. f4 Nbd7 7. Nf3 g6 8. e5 dxe5 9. fxe5 Nh5 10. g4 Ng7 11. Qe4 Bb7 12. Ng5 f6 13. Nxh7 Nxe5 14. Bf4 Rxh7 15. Bxe5 Kf7 16. Bd3 Rh6 17. g5 fxg5 18. Bf4 gxf4 19. Qxf4+ Nf5 20. Bxf5 gxf5 21. Qxf5+ Rf6 22. Qh5+ Kg8 23. Rg1+ Bg7 24. Nd2 Qd6 25. Ne4 Qf4 26. Nxf6+ Qxf6 27. Qe2 Ba6 28. O-O-O Rf8 29. Rdf1 Qh6+ 30. Kb1 Rxf1+ 31. Rxf1 Qd6 32. Re1 Qf6 33. Rc1 Bc8 34. Rg1 a5 35. Kc1 a4 36. Rf1 Qg5+ 37. Kb1 Bf5+ 38. Rxf5 Qxf5+ 39. Qc2 Qe5 0-1

[Event "V Copa Marcel Duchamp 2022"]
[Site "Montevideo"]
[Date "2022.02.13"]
[Round "3.32"]
[White "Benitez, Andres"]
[Black "Griselka, Diego"]
[Result "1-0"]
[ECO "B12"]
[WhiteElo "1978"]
[BlackElo "1685"]
[Annotator "NA"]
[PlyCount "81"]
[EventDate "2022.02.12"]
[EventCountry "URU"]
[SourceTitle "playchess.com"]
[Source "ChessBase"]
[SourceQuality "1"]
[TimeControl "5400+30"]

1. e4 c6 2. d4 d5 3. e5 Bf5 4. h4 h5 5. Bd3 Bxd3 6. Qxd3 e6 7. Bg5 Be7 8. Nf3 Nd7 9. Nbd2 Bxg5 10. hxg5 Ne7 11. Nf1 Qb6 12. b3 c5 13. c3 cxd4 14. cxd4 Qb4+ 15. N1d2 Rc8 16. O-O Rc3 17. Qe2 Nf5 18. Nb1 Rc6 19. Qd3 O-O 20. g6 fxg6 21. a3 Qb6 22. Ra2 Rfc8 23. Rd2 Qc7 24. Ng5 Nf8 25. Rdd1 Nh7 26. Nh3 Qe7 27. Nf4 Kf7 28. Ne2 Ng5 29. f3 h4 30. b4 Nh7 31. f4 g5 32. Qf3 Kg6 33. Nd2 Nh6 34. g4 hxg3 35. Nxg3 g4 36. Qh1 Kf7 37. f5 exf5 38. Nxf5 Nxf5 39. Qxh7 Rh6 40. Qxf5+ Kg8 41. Qxc8+ 1-0

[Event "V Copa Marcel Duchamp 2022"]
[Site "Montevideo"]
[Date "2022.02.13"]
[Round "3.33"]
[White "Dabraccio, Guillermo"]
[Black "Araque, Jairo"]
[Result "0-1"]
[ECO "D37"]
[WhiteElo "1591"]
[BlackElo "1970"]
[Annotator "NA"]
[PlyCount "49"]
[EventDate "2022.02.12"]
[EventCountry "URU"]
[SourceTitle "playchess.com"]
[Source "ChessBase"]
[SourceQuality "1"]
[TimeControl "5400+30"]

1. d4 Nf6 2. c4 e6 3. Nf3 d5 4. Nc3 Be7 5. Bf4 a6 6. e3 dxc4 7. Bxc4 b5 8. Bd3 Bb7 9. O-O O-O 10. a3 Nbd7 11. Rc1 c5 12. Ne5 Rc8 13. Nxd7 Nxd7 14. dxc5 Nxc5 15. Bb1 Qxd1 16. Rfxd1 Nb3 17. Rc2 Rfd8 18. f3 g5 19. Be5 f6 20. Ba2 fxe5 21. Bxb3 Kf7 22. Rcd2 Bc5 23. Bc2 h6 24. Ne4 Bb6 25. Kf2 0-1

[Event "V Copa Marcel Duchamp 2022"]
[Site "Montevideo"]
[Date "2022.02.13"]
[Round "3.34"]
[White "Nejanky, Maisa"]
[Black "Areeb, Jazy"]
[Result "1-0"]
[ECO "B90"]
[WhiteElo "1948"]
[BlackElo "1665"]
[Annotator "NA"]
[PlyCount "139"]
[EventDate "2022.02.12"]
[EventCountry "URU"]
[SourceTitle "playchess.com"]
[Source "ChessBase"]
[SourceQuality "1"]
[TimeControl "5400+30"]

1. e4 c5 2. Nf3 d6 3. d4 cxd4 4. Nxd4 Nf6 5. Nc3 a6 6. h3 e5 7. Nde2 Be7 8. g4 h6 9. Be3 Be6 10. Bg2 Nbd7 11. O-O O-O 12. Nd5 Nc5 13. Ng3 Nxd5 14. exd5 $14 Bd7 15. Bxc5 dxc5 16. d6 Bh4 17. Bxb7 Bb5 18. Re1 Rb8 19. Bg2 Bxg3 20. fxg3 Qf6 21. Qd5 Rfd8 22. Rad1 Rb6 23. Qxe5 Qxe5 24. Rxe5 Rbxd6 25. Rxd6 Rxd6 26. Bd5 Kf8 27. c4 Bc6 28. Bxc6 Rxc6 29. Kf2 f6 30. Rd5 Ke7 31. Kf3 Rc8 32. h4 g6 33. Kf4 Ke6 34. Ke4 a5 35. h5 g5 36. Rd3 a4 37. Ra3 Rb8 38. Rxa4 Rxb2 39. Ra6+ Ke7 40. Kd5 Rg2 41. Ra7+ Kd8 42. Ra3 Rf2 43. Kxc5 f5 44. gxf5 Rxf5+ 45. Kd6 Rf6+ 46. Ke5 Rc6 47. Kd5 Rf6 48. c5 Rf5+ 49. Kd6 Rf6+ 50. Ke5 Rc6 51. Kd5 Rf6 52. c6 Kc7 53. Ra7+ Kb8 54. Rb7+ Kc8 55. Rh7 g4 56. Rg7 Rf5+ 57. Kd6 Rf6+ 58. Kc5 Rf2 59. Rxg4 Rxa2 60. Rg6 Rg2 61. Kd5 Rd2+ 62. Ke4 Kc7 63. Rxh6 Re2+ 64. Kf3 Re5 65. g4 Re1 66. g5 Rg1 67. g6 Kxc6 68. g7+ Kd7 69. Rg6 Rxg6 70. hxg6 1-0

[Event "V Copa Marcel Duchamp 2022"]
[Site "Montevideo"]
[Date "2022.02.13"]
[Round "3.36"]
[White "Rodriguez Farias, Eduardo"]
[Black "Reolon, Victor"]
[Result "1-0"]
[ECO "B22"]
[WhiteElo "1931"]
[BlackElo "1630"]
[Annotator "NA"]
[PlyCount "42"]
[EventDate "2022.02.12"]
[EventCountry "URU"]
[SourceTitle "playchess.com"]
[Source "ChessBase"]
[SourceQuality "1"]
[TimeControl "5400+30"]

1. e4 c5 2. c3 Nc6 3. d4 cxd4 4. cxd4 d6 5. h3 Nf6 6. Nc3 g6 7. Nf3 Bg7 8. Bc4 O-O 9. O-O a6 10. a4 Qc7 11. Qe2 b6 12. e5 dxe5 13. dxe5 Ne8 14. Nd5 Qb7 15. Bf4 e6 16. Nc3 Nb4 17. Rfd1 Nc7 18. Bg3 Ra7 19. Ne4 Ncd5 20. Nd6 Qa8 21. Rac1 Bh6 1-0

[Event "V Copa Marcel Duchamp 2022"]
[Site "Montevideo"]
[Date "2022.02.14"]
[Round "4.24"]
[White "Elena, Eduardo"]
[Black "Castro, Cesar"]
[Result "1-0"]
[ECO "B99"]
[WhiteElo "1712"]
[BlackElo "2097"]
[Annotator "ChessBase"]
[PlyCount "69"]
[EventDate "2022.02.12"]
[EventCountry "URU"]
[SourceTitle "playchess.com"]
[Source "ChessBase"]
[SourceQuality "1"]
[TimeControl "5400+30"]

1. e4 c5 2. Nf3 d6 3. d4 cxd4 4. Nxd4 Nf6 5. Nc3 a6 6. Bg5 e6 7. f4 Be7 8. Qf3 Nbd7 9. O-O-O Qc7 10. Kb1 Rb8 11. Bd3 h6 12. Bxf6 Bxf6 13. Nce2 b5 14. g4 Qb6 15. Nb3 a5 16. h4 a4 17. Nd2 Nc5 18. g5 Be7 19. Ng3 a3 20. b3 Na4 21. Ne2 Bd7 22. c4 Qa5 23. cxb5 Qb4 24. Qe3 hxg5 25. Qa7 Rxb5 26. Bxb5 Bxb5 27. Qb8+ Bd8 28. Nc4 O-O 29. Qxd6 Nc3+ 30. Nxc3 Qxc3 31. hxg5 Bxc4 32. Rh8+ Kxh8 33. Qxf8+ Kh7 34. Rh1+ Kg6 35. Rh6+ 1-0

[Event "V Copa Marcel Duchamp 2022"]
[Site "Montevideo"]
[Date "2022.02.14"]
[Round "4.25"]
[White "Brizzi, Milagros Tatiana"]
[Black "Visillac, Alejandro"]
[Result "1-0"]
[ECO "C18"]
[WhiteElo "2063"]
[BlackElo "1814"]
[Annotator "ChessBase"]
[PlyCount "71"]
[EventDate "2022.02.12"]
[EventCountry "URU"]
[SourceTitle "playchess.com"]
[Source "ChessBase"]
[SourceQuality "1"]
[TimeControl "5400+30"]

1. e4 e6 2. d4 d5 3. Nc3 Bb4 4. e5 c5 5. a3 Bxc3+ 6. bxc3 Nc6 7. Qg4 Nge7 8. Qxg7 Rg8 9. Qxh7 cxd4 10. Nf3 Qc7 11. Bf4 Bd7 12. h4 O-O-O 13. Qd3 Ng6 14. Bg3 Qa5 15. h5 Rh8 16. Rh3 Nge7 17. Nxd4 Nxd4 18. Qxd4 Nc6 19. Qd2 Qc5 20. f4 Rdg8 21. Bf2 Qf8 22. Bd4 Qg7 23. O-O-O Qg4 24. h6 Qg6 25. h7 Rg7 26. Bd3 Qxg2 27. Qxg2 Rxg2 28. Rg1 Rxg1+ 29. Bxg1 Ne7 30. Rh6 b5 31. Bf2 d4 32. Bh4 Nd5 33. c4 bxc4 34. Bxc4 Ne3 35. Ba6+ Kc7 36. Bf6 1-0

[Event "V Copa Marcel Duchamp 2022"]
[Site "Montevideo"]
[Date "2022.02.14"]
[Round "4.26"]
[White "Migens Romero, Juan"]
[Black "Pichuaga, Juan Pablo"]
[Result "1/2-1/2"]
[ECO "C05"]
[WhiteElo "2097"]
[BlackElo "2030"]
[Annotator "ChessBase"]
[PlyCount "33"]
[EventDate "2022.02.12"]
[EventCountry "URU"]
[SourceTitle "playchess.com"]
[Source "ChessBase"]
[SourceQuality "1"]
[TimeControl "5400+30"]

1. e4 e6 2. d4 d5 3. Nd2 Nf6 4. e5 Nfd7 5. Bd3 c5 6. c3 Nc6 7. Ne2 Qc7 8. Nf3 c4 9. Bc2 Nb6 10. b4 Bd7 11. a4 O-O-O 12. Ng5 Be8 13. Nxh7 Be7 14. Ng5 Rh5 15. h4 Rh8 16. Be3 a5 17. b5 1/2-1/2

[Event "V Copa Marcel Duchamp 2022"]
[Site "Montevideo"]
[Date "2022.02.14"]
[Round "4.30"]
[White "Siddeley, Hugh"]
[Black "De la Torre, Andres"]
[Result "1-0"]
[ECO "E81"]
[WhiteElo "2000"]
[BlackElo "1680"]
[Annotator "ChessBase"]
[PlyCount "73"]
[EventDate "2022.02.12"]
[EventCountry "URU"]
[SourceTitle "playchess.com"]
[Source "ChessBase"]
[SourceQuality "1"]
[TimeControl "5400+30"]

1. d4 Nf6 2. c4 g6 3. Nc3 Bg7 4. e4 d6 5. f3 O-O 6. Bg5 Nc6 7. d5 Nb4 8. Nge2 h6 9. Be3 e6 10. Qd2 exd5 11. cxd5 Re8 12. O-O-O c5 13. a3 a5 14. Kb1 Bd7 15. Bxh6 Na6 16. Ng3 b5 17. Nxb5 Qb8 18. a4 Nb4 19. Bxg7 Kxg7 20. h4 Re5 21. Bc4 Bxb5 22. Bxb5 Qh8 23. Nf1 Rc8 24. b3 Kf8 25. Ne3 Nxe4 26. fxe4 Rxe4 27. Nc4 Rd4 28. Qb2 Nxd5 29. Rxd4 cxd4 30. Ka2 Nc3+ 31. Ka1 d5 32. Nxa5 g5 33. h5 Qh7 34. Bc6 Qe4 35. h6 Ke7 36. Qd2 d3 37. Qxc3 1-0

[Event "V Copa Marcel Duchamp 2022"]
[Site "Montevideo"]
[Date "2022.02.14"]
[Round "4.31"]
[White "Castagnet, Carlos"]
[Black "Meza, Anahi"]
[Result "0-1"]
[ECO "D70"]
[WhiteElo "1641"]
[BlackElo "1996"]
[Annotator "ChessBase"]
[PlyCount "86"]
[EventDate "2022.02.12"]
[EventCountry "URU"]
[SourceTitle "playchess.com"]
[Source "ChessBase"]
[SourceQuality "1"]
[TimeControl "5400+30"]

1. d4 Nf6 2. c4 g6 3. Nf3 Bg7 4. Nc3 O-O 5. Bf4 d6 6. Qd2 Re8 7. Bh6 Bh8 8. e4 c5 9. d5 e6 10. Be2 exd5 11. exd5 Bf5 12. O-O Nbd7 13. Rfe1 Ng4 14. Bf4 Nge5 15. Nb5 Nxf3+ 16. Bxf3 Ne5 17. Be2 Qb6 18. h3 Rad8 19. g4 Bc8 20. Kg2 f5 21. g5 a6 22. Nc3 Qb4 23. Bxe5 Bxe5 24. f4 Bg7 25. Bd3 Bd7 26. Rac1 b5 27. b3 Rxe1 28. Qxe1 Re8 29. Qd2 Bd4 30. Nb1 Qxd2+ 31. Nxd2 Be3 32. Rc2 Bxf4 33. Nf3 Kf7 34. Re2 Rb8 35. h4 bxc4 36. Bxc4 Bb5 37. Rc2 Re8 38. a4 Bxc4 39. Rxc4 Re2+ 40. Kf1 Re4 41. Kg2 Be5 42. Rxe4 fxe4 43. Nxe5+ dxe5 0-1

[Event "V Copa Marcel Duchamp 2022"]
[Site "Montevideo"]
[Date "2022.02.14"]
[Round "4.32"]
[White "Moccero, Eduardo"]
[Black "Amaral, Francisco"]
[Result "1/2-1/2"]
[ECO "D04"]
[WhiteElo "1919"]
[BlackElo "1672"]
[Annotator "NA"]
[PlyCount "70"]
[EventDate "2022.02.12"]
[EventCountry "URU"]
[SourceTitle "playchess.com"]
[Source "ChessBase"]
[SourceQuality "1"]
[TimeControl "5400+30"]

1. d4 Nf6 2. Nf3 d5 3. e3 c5 4. c3 Nbd7 5. Bd3 Qc7 6. Nbd2 e5 7. dxe5 Nxe5 8. Nxe5 Qxe5 9. Nf3 Qc7 10. Bb5+ Bd7 11. Bxd7+ Qxd7 12. O-O Bd6 13. b3 O-O 14. Bb2 c4 15. Qe2 Rac8 16. Rfd1 Qc7 17. h3 Rfd8 18. Nd4 a6 19. Nf5 Bf8 20. Qf3 g6 21. Ng3 Bg7 22. e4 Nxe4 23. Nxe4 dxe4 24. Qxe4 Qb6 25. Rxd8+ Rxd8 26. Qc2 cxb3 27. axb3 Qd6 28. Re1 h6 29. c4 Bd4 30. Bxd4 Qxd4 31. Re7 Qf4 32. Re3 Qd6 33. Qc3 b6 34. h4 h5 35. g3 Qd4 1/2-1/2

[Event "V Copa Marcel Duchamp 2022"]
[Site "Montevideo"]
[Date "2022.02.14"]
[Round "4.33"]
[White "Manteiga, Franco"]
[Black "Martinez Alvarez, Mateo"]
[Result "1-0"]
[ECO "D10"]
[WhiteElo "1915"]
[BlackElo "1093"]
[Annotator "NA"]
[PlyCount "85"]
[EventDate "2022.02.12"]
[EventCountry "URU"]
[SourceTitle "playchess.com"]
[Source "ChessBase"]
[SourceQuality "1"]
[TimeControl "5400+30"]

1. d4 c6 2. c4 d5 3. cxd5 cxd5 4. Bf4 Nf6 5. Nc3 e6 6. e3 Bd6 7. Bxd6 Qxd6 8. Bd3 Nc6 9. f4 a6 10. Nf3 b5 11. O-O O-O 12. Ne5 Bb7 13. Rf3 Ne7 14. Rh3 h6 15. g4 Ne4 16. g5 Nf5 17. Qg4 Kh7 18. Nxf7 Rxf7 19. g6+ Kg8 20. gxf7+ Kxf7 21. Qe2 Rg8 22. Kh1 g5 23. Qh5+ Ke7 24. Bxe4 dxe4 25. Rg1 e5 26. fxe5 Qe6 27. Ne2 Rg7 28. Rc1 Kd8 29. Ng3 Nh4 30. Rxh4 gxh4 31. Qxh4+ Kd7 32. Qf6 Rf7 33. Qxe6+ Kxe6 34. Rf1 Rxf1+ 35. Nxf1 b4 36. Kg2 Bd5 37. a3 bxa3 38. bxa3 Kd7 39. Nd2 Kc6 40. Nb1 a5 41. Nc3 Bf7 42. Kg3 Bg6 43. Kf4 1-0

[Event "V Copa Marcel Duchamp 2022"]
[Site "Montevideo"]
[Date "2022.02.15"]
[Round "5.11"]
[White "Muniz, Rafael"]
[Black "Vitoux, Colomban"]
[Result "0-1"]
[ECO "B02"]
[WhiteElo "2194"]
[BlackElo "2372"]
[Annotator "ChessBase"]
[PlyCount "70"]
[EventDate "2022.02.12"]
[EventCountry "URU"]
[SourceTitle "playchess.com"]
[Source "ChessBase"]
[SourceQuality "1"]
[TimeControl "5400+30"]

1. e4 Nf6 2. e5 Ng8 3. Nf3 d6 4. d4 Bg4 5. Be2 e6 6. O-O Nc6 7. exd6 Bxd6 8. Be3 Nf6 9. c4 O-O 10. Nc3 Qd7 11. h3 Bh5 12. a3 Rfd8 13. d5 exd5 14. Nxd5 Nxd5 15. Qxd5 Bg6 16. Rfe1 Qe8 17. Qg5 h6 18. Qg4 Ne5 19. Qh4 Nxf3+ 20. Bxf3 Qe5 21. g3 Qxb2 22. a4 Be5 23. Rad1 Bf6 24. Qf4 c6 25. Rxd8+ Rxd8 26. Bxa7 Qb4 27. Re2 Ra8 28. Qc7 Kh7 29. a5 Bd3 30. Re3 Qb1+ 31. Kh2 Rxa7 32. Qb8 Bd4 33. Re8 g5 34. Qd8 Qb2 35. Be2 Bxe2 0-1

[Event "V Copa Marcel Duchamp 2022"]
[Site "Montevideo"]
[Date "2022.02.15"]
[Round "5.12"]
[White "Carvalho, Guillermo"]
[Black "Menna Barreto, Felipe Kubiaki"]
[Result "0-1"]
[ECO "E10"]
[WhiteElo "2171"]
[BlackElo "2351"]
[Annotator "ChessBase"]
[PlyCount "94"]
[EventDate "2022.02.12"]
[EventCountry "URU"]
[SourceTitle "playchess.com"]
[Source "ChessBase"]
[SourceQuality "1"]
[TimeControl "5400+30"]

1. c4 e6 2. d4 Nf6 3. Nf3 c5 4. e3 a6 5. Nc3 d5 6. a3 Nc6 7. Bd3 dxc4 8. Bxc4 b5 9. Bd3 Bb7 10. O-O Rc8 11. Re1 Be7 12. Ne4 c4 13. Bc2 Nxe4 14. Bxe4 O-O 15. Ne5 Qc7 16. Nxc6 Bxc6 17. Bxc6 Qxc6 18. Bd2 Rfd8 19. Ba5 Rd7 20. Qf3 Qxf3 21. gxf3 Bd8 22. Bd2 e5 23. Bc3 exd4 24. Bxd4 Bf6 25. Bxf6 gxf6 26. Re2 Rcd8 27. Kf1 Rd1+ 28. Rxd1 Rxd1+ 29. Kg2 Kf8 30. Kg3 Ke7 31. Kf4 Ke6 32. Rc2 Rh1 33. a4 Rxh2 34. axb5 axb5 35. Ke4 Rh5 36. f4 Rc5 37. f5+ Rxf5 38. f4 Rc5 39. Rh2 f5+ 40. Kf3 b4 41. Ke2 c3 42. bxc3 bxc3 43. Kd1 c2+ 44. Kc1 Kd5 45. Rxh7 Ke4 46. Rh1 Kxe3 47. Re1+ Kxf4 0-1

[Event "V Copa Marcel Duchamp 2022"]
[Site "Montevideo"]
[Date "2022.02.15"]
[Round "5.16"]
[White "Elena, Eduardo"]
[Black "Spata, German"]
[Result "0-1"]
[ECO "B96"]
[WhiteElo "1712"]
[BlackElo "2300"]
[Annotator "ChessBase"]
[PlyCount "56"]
[EventDate "2022.02.12"]
[EventCountry "URU"]
[SourceTitle "playchess.com"]
[Source "ChessBase"]
[SourceQuality "1"]
[TimeControl "5400+30"]

1. e4 c5 2. Nf3 d6 3. d4 cxd4 4. Nxd4 Nf6 5. Nc3 a6 6. Bg5 e6 7. f4 h6 8. Bxf6 Qxf6 9. Qd2 g5 10. fxg5 Qxg5 11. Qd3 Nd7 12. Nf3 Qc5 13. O-O-O b5 14. g3 Bb7 15. Bg2 O-O-O 16. Rhf1 Be7 17. Rd2 Ne5 18. Qe2 Nxf3 19. Qxf3 Bg5 20. Qxf7 Rde8 21. Kd1 Bxd2 22. Kxd2 Rhf8 23. Qg6 Qd4+ 24. Ke2 Bc6 25. Rxf8 Rxf8 26. Nd1 b4 27. Bh3 Bb5+ 28. Ke1 Qg1+ 0-1

[Event "V Copa Marcel Duchamp 2022"]
[Site "Montevideo"]
[Date "2022.02.15"]
[Round "5.17"]
[White "Coppola, Claudio"]
[Black "Garcia, Luis E."]
[Result "1-0"]
[ECO "A58"]
[WhiteElo "2285"]
[BlackElo "2192"]
[Annotator "ChessBase"]
[PlyCount "59"]
[EventDate "2022.02.12"]
[EventCountry "URU"]
[SourceTitle "playchess.com"]
[Source "ChessBase"]
[SourceQuality "1"]
[TimeControl "5400+30"]

1. d4 Nf6 2. c4 c5 3. d5 b5 4. cxb5 a6 5. bxa6 Bxa6 6. Nc3 d6 7. Nf3 g6 8. e4 Bxf1 9. Kxf1 Bg7 10. g3 Nbd7 11. Kg2 O-O 12. a4 Ng4 13. Qc2 Qa5 14. Bg5 Rfe8 15. Nb5 Rab8 16. Rhe1 Qb6 17. h3 Nge5 18. Nd2 h6 19. Be3 g5 20. f4 gxf4 21. gxf4 Ng6 22. Nc4 Qb7 23. Na5 Qa8 24. Nc6 Rb7 25. Rg1 Kh8 26. Kh1 Nb6 27. f5 Ne5 28. Nxe5 Bxe5 29. Bxh6 Rg8 30. Qe2 1-0

[Event "V Copa Marcel Duchamp 2022"]
[Site "Montevideo"]
[Date "2022.02.15"]
[Round "5.20"]
[White "Nejanky, Maisa"]
[Black "Curi, Gabriel"]
[Result "0-1"]
[ECO "B76"]
[WhiteElo "1948"]
[BlackElo "2205"]
[Annotator "ChessBase"]
[PlyCount "48"]
[EventDate "2022.02.12"]
[EventCountry "URU"]
[SourceTitle "playchess.com"]
[Source "ChessBase"]
[SourceQuality "1"]
[TimeControl "5400+30"]

1. e4 c5 2. Nf3 d6 3. d4 cxd4 4. Nxd4 Nf6 5. Nc3 g6 6. Be3 Bg7 7. f3 O-O 8. Qd2 Nc6 9. O-O-O d5 10. Nxc6 bxc6 11. exd5 Nxd5 12. Nxd5 cxd5 13. Qxd5 Qc7 14. Qc5 Qb7 15. Qa3 Bf5 16. Kb1 Rab8 17. Bc1 Rfc8 18. Bd3 Rc3 19. Qa5 Bxd3 20. Rxd3 Rxd3 21. cxd3 Bxb2 22. Kc2 Rc8+ 23. Kd2 Bxc1+ 24. Rxc1 Qb2+ 0-1

[Event "V Copa Marcel Duchamp 2022"]
[Site "Montevideo"]
[Date "2022.02.15"]
[Round "5.21"]
[White "Pichuaga, Juan Pablo"]
[Black "Manteiga, Franco"]
[Result "1/2-1/2"]
[ECO "B24"]
[WhiteElo "2030"]
[BlackElo "1915"]
[Annotator "ChessBase"]
[PlyCount "28"]
[EventDate "2022.02.12"]
[EventCountry "URU"]
[SourceTitle "playchess.com"]
[Source "ChessBase"]
[SourceQuality "1"]
[TimeControl "5400+30"]

1. e4 c5 2. Nc3 Nc6 3. Bb5 Nd4 4. Bc4 e6 5. d3 a6 6. a4 Nf6 7. e5 d5 8. exd6 Bxd6 9. Nf3 b6 10. Nxd4 cxd4 11. Ne4 Nxe4 12. dxe4 Bb7 13. Bd3 Qc7 14. h3 Bc6 1/2-1/2

[Event "V Copa Marcel Duchamp 2022"]
[Site "Montevideo"]
[Date "2022.02.15"]
[Round "5.22"]
[White "Popov, Mark"]
[Black "Siddeley, Hugh"]
[Result "1/2-1/2"]
[ECO "A01"]
[WhiteElo "1758"]
[BlackElo "2000"]
[Annotator "ChessBase"]
[PlyCount "43"]
[EventDate "2022.02.12"]
[EventCountry "URU"]
[SourceTitle "playchess.com"]
[Source "ChessBase"]
[SourceQuality "1"]
[TimeControl "5400+30"]

1. b3 Nf6 2. Bb2 g6 3. Nf3 Bg7 4. e4 d6 5. d3 O-O 6. Nc3 c5 7. Be2 Nc6 8. h3 a6 9. Qd2 b5 10. Nd5 Nxe4 11. Qc1 Qa5+ 12. b4 Nxb4 13. Nxe7+ Kh8 14. Bxg7+ Kxg7 15. c3 Nxd3+ 16. Bxd3 Bb7 17. Nf5+ gxf5 18. Bxe4 Bxe4 19. Qg5+ Kh8 20. Qf6+ Kg8 21. Qg5+ Kh8 22. Qf6+ 1/2-1/2

[Event "V Copa Marcel Duchamp 2022"]
[Site "Montevideo"]
[Date "2022.02.15"]
[Round "5.23"]
[White "Meza, Anahi"]
[Black "Lavandeira, Juan Facundo"]
[Result "1-0"]
[ECO "E68"]
[WhiteElo "1996"]
[BlackElo "1520"]
[Annotator "NA"]
[PlyCount "65"]
[EventDate "2022.02.12"]
[EventCountry "URU"]
[SourceTitle "playchess.com"]
[Source "ChessBase"]
[SourceQuality "1"]
[TimeControl "5400+30"]

1. d4 d6 2. Nf3 Nf6 3. c4 Nbd7 4. g3 g6 5. Bg2 Bg7 6. O-O O-O 7. Nc3 e5 8. e4 a5 9. h3 c6 10. Be3 h6 11. Qd2 Kh7 12. Rad1 Qe7 13. Qc2 Ne8 14. dxe5 dxe5 15. Na4 Nc7 16. Rd2 Na6 17. c5 Nb4 18. Qb1 Na6 19. Rc1 Rd8 20. Bf1 Nc7 21. Rcd1 Ne6 22. Qc2 Ndf8 23. Rxd8 Nxd8 24. Nb6 Rb8 25. Qa4 Nde6 26. Qxa5 Qc7 27. Qa7 f5 28. exf5 gxf5 29. Na8 Rxa8 30. Qxa8 f4 31. gxf4 exf4 32. Bd2 Bxb2 33. Qa4 1-0

[Event "V Copa Marcel Duchamp 2022"]
[Site "Montevideo"]
[Date "2022.02.15"]
[Round "5.25"]
[White "Torales, Agustin"]
[Black "Castro, Cesar"]
[Result "1/2-1/2"]
[ECO "B90"]
[WhiteElo "1682"]
[BlackElo "2097"]
[Annotator "ChessBase"]
[PlyCount "41"]
[EventDate "2022.02.12"]
[EventCountry "URU"]
[SourceTitle "playchess.com"]
[Source "ChessBase"]
[SourceQuality "1"]
[TimeControl "5400+30"]

1. e4 c5 2. Nf3 d6 3. d4 cxd4 4. Nxd4 Nf6 5. Nc3 a6 6. Bc4 e6 7. Bb3 Nbd7 8. O-O Nc5 9. Qe2 Be7 10. f4 b5 11. Nc6 Qb6 12. Nxe7 Nxb3+ 13. Be3 Nd4 14. Qf2 Kxe7 15. Bxd4 Qc6 16. e5 Ne8 17. f5 dxe5 18. Bc5+ Kd8 19. Bb6+ Ke7 20. Bc5+ Kd8 21. Bb6+ 1/2-1/2

[Event "V Copa Marcel Duchamp 2022"]
[Site "Montevideo"]
[Date "2022.02.15"]
[Round "5.26"]
[White "Martinez Tagliafico, Sergio"]
[Black "Mateus, Martha"]
[Result "0-1"]
[ECO "D34"]
[WhiteElo "1780"]
[BlackElo "2019"]
[Annotator "NA"]
[PlyCount "52"]
[EventDate "2022.02.12"]
[EventCountry "URU"]
[SourceTitle "playchess.com"]
[Source "ChessBase"]
[SourceQuality "1"]
[TimeControl "5400+30"]

1. d4 d5 2. c4 e6 3. Nc3 c5 4. cxd5 exd5 5. Nf3 Nc6 6. g3 Nf6 7. Bg2 Be7 8. O-O O-O 9. dxc5 Bxc5 10. Na4 Be7 11. Be3 Ne4 12. Rc1 Bf6 13. a3 Re8 14. h3 Nxg3 15. fxg3 Rxe3 16. Nc3 d4 17. Na4 Qd6 18. g4 h6 19. Nc5 Qe7 20. Rf2 Be6 21. Qa4 Bd5 22. Qb5 Bxf3 23. Bxf3 Bh4 24. Nd3 Bxf2+ 25. Kxf2 Re8 26. Nf4 Rxf3+ 0-1

[Event "V Copa Marcel Duchamp 2022"]
[Site "Montevideo"]
[Date "2022.02.15"]
[Round "5.33"]
[White "Durante, Aurelio"]
[Black "Amaral, Francisco"]
[Result "1/2-1/2"]
[ECO "C42"]
[WhiteElo "1944"]
[BlackElo "1672"]
[Annotator "NA"]
[PlyCount "86"]
[EventDate "2022.02.12"]
[EventCountry "URU"]
[SourceTitle "playchess.com"]
[Source "ChessBase"]
[SourceQuality "1"]
[TimeControl "5400+30"]

1. e4 e5 2. Nf3 Nf6 3. Nxe5 d6 4. Nf3 Nxe4 5. Nc3 Nxc3 6. dxc3 Be7 7. Bd3 Nd7 8. Bf4 Nf6 9. Qd2 Bg4 10. O-O-O Qd7 11. Kb1 O-O 12. Rde1 Rfe8 13. Nd4 a6 14. f3 c5 15. Ne2 Bf5 16. Bxf5 Qxf5 17. g4 Qd7 18. Ng3 Bf8 19. h4 Rxe1+ 20. Rxe1 d5 21. Bg5 Ne8 22. Nf5 f6 23. Bf4 Rd8 24. Qe2 Nc7 25. Ne7+ Kf7 26. Bxc7 Re8 27. Qd3 Rxe7 28. Rxe7+ Bxe7 29. Bf4 g6 30. c4 d4 31. h5 f5 32. b3 Bg5 33. Be5 Bf6 34. Bg3 fxg4 35. Qxg6+ Ke7 36. Qe4+ Kf7 37. fxg4 Qe7 38. Qd5+ Ke8 39. Qg8+ Kd7 40. Qd5+ Ke8 41. Qg8+ Kd7 42. Qb8 Ke6 43. Qc8+ Kf7 1/2-1/2

[Event "V Copa Marcel Duchamp 2022"]
[Site "Montevideo"]
[Date "2022.02.15"]
[Round "5.34"]
[White "Rodriguez Farias, Eduardo"]
[Black "Areeb, Jazy"]
[Result "1-0"]
[ECO "B93"]
[WhiteElo "1931"]
[BlackElo "1665"]
[Annotator "NA"]
[PlyCount "57"]
[EventDate "2022.02.12"]
[EventCountry "URU"]
[SourceTitle "playchess.com"]
[Source "ChessBase"]
[SourceQuality "1"]
[TimeControl "5400+30"]

1. e4 c5 2. Nf3 d6 3. d4 cxd4 4. Nxd4 Nf6 5. Nc3 a6 6. f4 e5 7. Nf3 Qc7 8. f5 b5 9. Bg5 Nbd7 10. Bd3 Be7 11. Qe2 Bb7 12. g4 Nxg4 13. Bxe7 Kxe7 14. Rg1 Ndf6 15. h3 Nh6 16. Rxg7 Nh5 17. Qg2 Kf8 18. f6 Nxf6 19. O-O-O Rg8 20. Rxg8+ Nfxg8 21. Rg1 f6 22. Nd5 Bxd5 23. exd5 Qf7 24. Be4 Ke7 25. Qd2 a5 26. Qe3 f5 27. Ng5 f4 28. Qb6 Qf8 29. Qb7+ 1-0

[Event "V Copa Marcel Duchamp 2022"]
[Site "Montevideo"]
[Date "2022.02.15"]
[Round "5.35"]
[White "Estoyanoff, German"]
[Black "Moccero, Eduardo"]
[Result "0-1"]
[ECO "B00"]
[WhiteElo "1650"]
[BlackElo "1919"]
[Annotator "NA"]
[PlyCount "84"]
[EventDate "2022.02.12"]
[EventCountry "URU"]
[SourceTitle "playchess.com"]
[Source "ChessBase"]
[SourceQuality "1"]
[TimeControl "5400+30"]

1. e4 Nc6 2. Nf3 g6 3. c3 d6 4. d4 Bg7 5. Bb5 Bd7 6. Qb3 Nf6 7. Ng5 O-O 8. Bc4 e6 9. Bd3 Na5 10. Qb4 b6 11. O-O c5 12. Qa3 Bc6 13. Re1 Bb7 14. Nf3 Qd7 15. e5 Bxf3 16. exf6 Bxf6 17. gxf3 cxd4 18. cxd4 Bxd4 19. Bd2 Qe7 20. Re4 Bg7 21. Nc3 Rfd8 22. Nb5 Qd7 23. Rh4 d5 24. Bc3 Bf8 25. Qa4 Be7 26. Qd4 f6 27. Qf4 e5 28. Qg3 Bf8 29. Bd2 e4 30. Be2 Nc4 31. Bxc4 dxc4 32. Bc3 Qxb5 33. Bxf6 Rd3 34. Qc7 Rd7 35. Qe5 Qxe5 36. Bxe5 exf3 37. Rxc4 Rad8 38. Re1 Bc5 39. Rf4 Rd1 40. Kf1 Rxe1+ 41. Kxe1 Re8 42. Re4 Bd6 0-1